 Dungeon Sprint DCSS version 0.19-a0-475-gfca3800 (webtiles) character file.

140 Loading the Formicid Mishap (level 5, -2/43 HPs)
             Began as a Formicid Fighter on June 4, 2016.
             Was an Initiate of Qazlal.
             Slain by a starcursed mass (7 damage)
             ... in the Dungeon (Sprint V: "Ziggurat Sprint").
             The game lasted 00:01:42 (162 turns).

Loading the Formicid Mishap (Formicid Fighter)       Turns: 162, Time: 00:01:43

Health: -2/43      AC: 19    Str: 20    XL:     5   Next: 46%
Magic:  12/12      EV: -3    Int:  8    God:    Qazlal [......]
Gold:   0          SH: 28    Dex: 11    Spells: 0 memorised, 4 levels left

rFire  + + +     SeeInvis +     M - +7 great mace "Firestarter" {inner flame, rF++}
rCold  + . .     Gourm    .     m - +5 gold dragon armour
rNeg   + . .     Faith    .     L - +18 shield of the Gong {rElec rN+ MR+ EV-5}
rPois  +         Spirit   .     (helmet unavailable)
rElec  +         Dismiss  .     (no cloak)
rCorr  .         Reflect  .     (no gloves)
SustAt .         Harm     .     (no boots)
MR     +....                    (no amulet)
Stlth  ..........               (no ring)
                                (no ring)

@: somewhat resistant to hostile enchantments, extremely unstealthy
A: permanent stasis, dig shafts and tunnels, four strong arms, antennae 3
a: Dig, Renounce Religion


You were in the Dungeon.
You worshipped Qazlal.
Qazlal was noncommittal.
You were not hungry.

You visited 1 branch

Inventory:

Hand Weapons
 M - the +7 great mace "Firestarter" (weapon) {inner flame, rF++}
   (You found it in the Dungeon)

   It has been specially enchanted to burn those struck by it, causing extra
   injury to most foes and up to half again as much damage against particularly
   susceptible opponents.
   It greatly protects you from fire.
Armour
 l - a +5 crystal plate armour
 m - a +5 gold dragon armour (worn)
 L - the +18 shield of the Gong (worn) {rElec rN+ MR+ EV-5}
   (You found it in the Dungeon)

   It affects your evasion (-5).
   It insulates you from electricity.
   It protects you from negative energy.
   It affects your resistance to hostile enchantments.
Jewellery
 F - a +6 ring of dexterity
 G - a +6 ring of dexterity
 H - a +6 ring of intelligence
 I - a +6 ring of intelligence
 J - a +6 ring of strength
 K - a +6 ring of strength
Wands
 B - a wand of disintegration (7/24)
 C - a wand of iceblast (5/15)
 D - a wand of lightning (5/15)
 E - a wand of acid (5/15)
Scrolls
 k - 4 scrolls of blinking
 s - 4 scrolls of amnesia
 t - 3 scrolls of recharging
 u - 7 scrolls of fog
 w - 5 scrolls of identify
 x - 5 scrolls of remove curse
 y - 2 scrolls of fear
Potions
 d - 6 potions of might
 e - 10 potions of curing
 g - 9 potions of heal wounds
 h - 6 potions of haste
 i - 7 potions of magic
 j - 3 potions of berserk rage
 n - 2 potions of brilliance
 o - 2 potions of invisibility
 p - 4 potions of resistance
 r - 5 potions of agility
Comestibles
 f - 5 bread rations
 z - 42 fruits
 A - 4 meat rations


   Skills:
 + Level 4.7 Fighting
 * Level 4.8 Maces & Flails
 + Level 4.7 Armour
 + Level 5.2 Shields
 * Level 10.3 Invocations


You had 4 spell levels left.
You didn't know any spells.

Dungeon Overview and Level Annotations

Branches:
Dungeon (1/1)

Altars:
Ashenzari
Cheibriados
Dithmenos
Elyvilon
Fedhas
Gozag
Hepliaklqana
Kikubaaqudgha
Makhleb
Nemelex Xobeh
Okawaru
Pakellas
Qazlal
Ru
Sif Muna
Trog
Uskayaw
Vehumet
Xom
Yredelemnul
Zin
The Shining One
Beogh
Jiyva
Lugonu


Innate Abilities, Weirdness & Mutations

You are under a permanent stasis effect.
You can dig through walls and to a lower floor.
Your four strong arms can wield two-handed weapons with a shield.
You have a pair of large antennae on your head. (SInv)


Message History

BONNNG!
The starcursed mass engulfs you. You block the starcursed mass's attack.
PANG!
A starcursed mass splits.
You block the starcursed mass's attack.
GONNNNG!
You hit the large abomination. You burn the large abomination.
The large abomination is filled with an inner flame.
The large abomination is severely damaged.
The large abomination hits you but does no damage.
You block the starcursed mass's attack.
SHROANNG!
A starcursed mass splits.
You block the starcursed mass's attack.
GONNNNG!
A deafening chorus of shrieks assaults your mind!
The starcursed mass engulfs you!
* * * LOW HITPOINT WARNING * * *
The large abomination hits you.
* * * LOW HITPOINT WARNING * * *
The starcursed mass engulfs you!
You die...

▓▓▓▓▓▓▓▓▓▓▓▓▓
▓.8©8.▓.8©8.▓
{{
▓.[)..▓.....▓
{
▓..5..▓.|.}.▓
▓XXXX.▓.)...▓
▓X.@X.▓.....▓
▓.XX..▓.....▓
▓.....▓▓▓▓▓▓▓
▓▓▓▓▓▓▓ {{
{{{ { { {


You could see 7 starcursed masses, a large abomination (inner flame) and a
crimson imp.

Vanquished Creatures
  A phantom (D)
  A wight (D)
2 creatures vanquished.

Notes
Turn   | Place    | Note
--------------------------------------------------------------
     0 | D        | Loading the Formicid Fighter began the quest for the Orb.
     0 | D        | Reached XP level 1. HP: 18/18 MP: 1/1
     3 | D        | Found a shimmering altar of Xom.
     6 | D        | Found a blossoming altar of Fedhas.
     6 | D        | Found a viscous altar of Jiyva.
     6 | D        | Found a snail-covered altar of Cheibriados.
     6 | D        | Found a roughly hewn altar of Beogh.
     6 | D        | Found a corrupted altar of Lugonu.
     6 | D        | Found a white marble altar of Elyvilon.
     8 | D        | Found a deep blue altar of Sif Muna.
     8 | D        | Found a burning altar of Makhleb.
     8 | D        | Found a bloodstained altar of Trog.
     8 | D        | Found an iron altar of Okawaru.
     8 | D        | Found a sparkling altar of Nemelex Xobeh.
     8 | D        | Found a radiant altar of Vehumet.
    22 | D        | Became a worshipper of Qazlal Stormbringer
    68 | D        | Reached skill level 8 in Invocations
    68 | D        | Reached XP level 2. HP: 24/24 MP: 1/7
   129 | D        | Entered arena 1.
   129 | D        | Noticed a wight
   129 | D        | Noticed a phantom
   131 | D        | Killed a wight
   131 | D        | Reached skill level 9 in Invocations
   131 | D        | Reached XP level 3. HP: 30/30 MP: 9/9
   131 | D        | Reached XP level 4. HP: 37/37 MP: 10/10
   140 | D        | Killed a phantom
   140 | D        | Reached skill level 5 in Shields
   140 | D        | Reached skill level 10 in Invocations
   140 | D        | Reached XP level 5. HP: 40/43 MP: 10/12
   155 | D        | Entered arena 2.
   155 | D        | Noticed a large abomination
   155 | D        | Noticed a starcursed mass
   162 | D        | Slain by a starcursed mass

Vault maps used:
D:        sprint_v

Skill      XL: |  1  2  3  4 |
---------------+-------------+-----
Invocations    | 8 9 10 | 10.3
Maces & Flails | 3 4 |  4.8
Shields        | 4 5 |  5.2
Fighting       | 4 |  4.7
Armour         | 4 |  4.7

Action                   |  1- 3 |  4- 6 || total
-------------------------+-------+-------++-------
Melee: Great mace        |     1 |    12 ||    13
  Use: Potion            |     1 |     1 ||     2
Armor: Gold dragon armou |       |     2 ||     2
Block: Shield            |     2 |    22 ||    24
